 Dungeon Crawl Stone Soup version 0.18.1-8-gdd0e5ea (webtiles) character file.

8568 Metae the Basher (level 11, -3/86 HPs)
             Began as a Demonspawn Berserker on May 23, 2016.
             Was a High Priest of Trog.
             Slain by Donald
             ... wielding a +2 long sword of holy wrath
              (10 damage)
             ... on level 2 of the Orcish Mines on May 24, 2016.
             The game lasted 02:00:28 (10885 turns).

Metae the Basher (Demonspawn Berserker)            Turns: 10885, Time: 02:00:29

Health: -3/86      AC: 25    Str: 24    XL:     11   Next: 11%
Magic:  11/11      EV: 11    Int: 10    God:    Trog [*****.]
Gold:   217        SH:  6    Dex: 13    Spells: 0 memorised, 10 levels left

rFire  + + .     SeeInvis +     a - +2 demon whip (flame)
rCold  x x .     Gourm    .     t - +5 chain mail of the Morning Star {+Blink rF+ rC- Str+5}
rNeg   . . .     Faith    .     H - +1 buckler {rPois}
rPois  +         Spirit   .     F - +1 helmet
rElec  .         Dismiss  .     L - +2 cloak
rCorr  .         Reflect  .     s - +2 pair of gloves
SustAt .         Harm     .     (no boots)
MR     .....                    (no amulet)
Stlth  ..........               J - ring of fire
                                w - ring of see invisible

@: exhausted, about to teleport, slowed, very slow, not resistant to hostile
enchantments, extremely unstealthy
A: talons 2, powered by death 2, powered by pain 2
a: Berserk, Trog's Hand, Brothers in Arms, Burn Spellbooks, Renounce Religion,
Evoke Blink


You were on level 2 of the Orcish Mines.
You worshipped Trog.
Trog was extremely pleased with you.
You were not hungry.

You visited 2 branches of the dungeon, and saw 12 of its levels.
You also visited: Bailey.

You collected 645 gold pieces.
You spent 428 gold pieces at shops.

Inventory:

Hand Weapons
 a - a +2 demon whip of flaming (weapon)
 i - a +0 blowgun
 N - a +1 flail
 Y - a +0 giant spiked club
Missiles
 q - 80 sling bullets
 A - 3 needles of sleeping
Armour
 s - a +2 pair of gloves (worn)
 t - the +5 chain mail of the Morning Star (worn) {+Blink rF+ rC- Str+5}
   (You found it on level 4 of the Dungeon)

   It affects your strength (+5).
   It protects you from fire.
   It makes you vulnerable to cold.
   It lets you blink.
 C - a cursed +1 scale mail
 F - a +1 helmet (worn)
 H - a +1 buckler of poison resistance (worn)
 L - a +2 cloak (worn)
 S - a +0 pair of gloves
 Z - a +0 cloak
Jewellery
 w - a ring of see invisible (left hand)
 x - an uncursed ring of fire
 J - a ring of fire (right hand)
 M - an uncursed ring of magical power
 Q - an uncursed ring of positive energy
Wands
 c - a wand of hasting (3/9)
 d - a wand of enslavement (17/24)
 n - a wand of flame (25/48)
 y - a wand of digging (7/24)
 W - a wand of slowing (28/48)
Scrolls
 h - 2 scrolls of amnesia
 o - 5 scrolls of enchant armour
 p - 3 scrolls of teleportation
 r - a scroll of enchant weapon
 u - 7 scrolls of identify
 B - 3 scrolls of remove curse
 D - a scroll of recharging
 I - 2 scrolls of immolation
 P - 2 scrolls of random uselessness {unknown}
 T - a scroll of summoning {unknown}
 U - 3 scrolls of blinking {unknown}
 V - 2 scrolls of fog {unknown}
Potions
 e - 2 potions of curing
 j - 2 potions of heal wounds {unknown}
 k - a potion of lignification {unknown}
 l - a potion of berserk rage {unknown}
 m - 2 potions of cancellation {unknown}
 z - a potion of invisibility {unknown}
 K - a potion of magic {unknown}
 R - a potion of brilliance {unknown}
Books
 X - a book of Necromancy

   Spells                             Type                      Level
   a - Pain                           Necromancy                   1
   b - Animate Skeleton               Necromancy                   1
   c - Vampiric Draining              Necromancy                   3
   d - Regeneration                   Charms/Necromancy            3
   e - Animate Dead                   Necromancy                   4
   f - Control Undead                 Necromancy                   4
   Trog disapproves of the use of such an item.
Comestibles
 f - 2 fruits
 g - 5 slices of pizza
 v - 4 bread rations
 E - 2 beef jerkies
 G - a royal jelly


   Skills:
 + Level 7.9 Fighting
 + Level 8.7 Maces & Flails
 + Level 8.4 Armour
 + Level 6.1 Dodging
 + Level 1.9 Stealth
 + Level 5.6 Shields
 + Level 0.2 Evocations


You had 10 spell levels left.
You didn't know any spells.

Dungeon Overview and Level Annotations

Branches:
Dungeon (10/15)            Temple (0/1) D:6             Orc (1/2) D:10
   Lair: D:8-11

Altars:
Ashenzari
Cheibriados
Dithmenos
Elyvilon
Fedhas
Gozag
Nemelex Xobeh
Okawaru
Pakellas
Ru
Sif Muna
Trog
Vehumet
Xom

Shops:
D:7 =   D:9 [

Annotations:
Orc:2 Donald


Innate Abilities, Weirdness & Mutations

You have razor-sharp toenails.
You regenerate health from kills.
You sometimes gain power by taking damage.


Message History

You block the orc priest's attack. Donald blocks your attack.
Your kick misses Donald.
Donald is lightly wounded.
Donald hits you with a long sword of holy wrath.
You convulse.
* * * LOW HITPOINT WARNING * * *
The orc priest hits you but does no damage.
The orc priest calls down the wrath of Beogh upon you.
Beogh smites you!
* * * LOW HITPOINT WARNING * * *
As you read the scroll of teleportation, it crumbles to dust.
You feel strangely unstable. The orc priest barely misses you.
Donald hits you but does no damage.
The orc wizard mumbles some strange words.
The orc wizard blinks!
The orc priest hits you but does no damage.
Donald hits you with a long sword of holy wrath!
* * * LOW HITPOINT WARNING * * *
You convulse!
You die...

......## ....
#......# .....
#......###......
#.......#..<...
#......(#<.....
###....(.......
##.......#.#$
####($.(..#
#@##))....###
#@ogĀ§)..o...#
#.o.))........
#(..............
#....$..##.#....
........## ###..
...#....(# ..
..###.....# ##
.......


You could see Donald, 2 orc priests, an orc wizard and a gnoll.

Vanquished Creatures
  An unseen horror (D:10)
  An orc sorcerer (Orc:2)
  2 trolls
  2 two-headed ogres
  A human (D:7)
  13 yaks (D:9)
  3 hippogriffs
  The ghost of pedritolo the Ruffian, an amateur VSGl (D:3)
  A water moccasin (D:10)
  6 orc warriors
  4 sky beasts
  A phantom (D:4)
  A black bear (D:10)
  A wasp (D:10)
  4 ogres
  2 big kobolds
  A gnoll sergeant (Bailey)
  7 giant frogs
  4 scorpions
  5 killer bees (D:7)
  5 howler monkeys
  6 crimson imps
  7 hounds
  2 jellies
  A centaur zombie (D:9)
  5 orc priests
  A giant frog skeleton (D:6)
  2 iguanas
  4 orc wizards
  5 worker ants
  4 sheep (D:7)
  A worker ant zombie (D:6)
  10 gnolls
  9 adders
  2 shadow imps
  6 oozes
  2 adder zombies
  3 adder skeletons
  3 worms
  A dart slug (D:3)
  4 giant geckos
  29 orcs
  6 giant cockroaches
  10 goblins
  6 hobgoblins
  4 jackals (D:5)
  17 kobolds
  4 quokkas
  A ball python (D:5)
  4 bats
  7 giant newts
  A jackal zombie (D:6)
  7 rats
240 creatures vanquished.

Notes
Turn   | Place    | Note
--------------------------------------------------------------
     0 | D:1      | Metae the Demonspawn Berserker began the quest for the Orb.
     0 | D:1      | Reached XP level 1. HP: 18/18 MP: 1/1
   219 | D:1      | Gained mutation: You have sharp toenails. [demonic ancestry]
   219 | D:1      | Reached XP level 2. HP: 18/24 MP: 2/2
  1147 | D:2      | HP: 1/24 [kobold/dagger of electrocution (14)]
  1167 | D:2      | Gained mutation: You regenerate a little health from kills. [demonic ancestry]
  1167 | D:2      | Reached XP level 3. HP: 5/29 MP: 3/3
  1168 | D:2      | HP: 2/43 [adder (4)]
  1171 | D:2      | Reached ** piety under Trog
  1992 | D:3      | Noticed pedritolo's ghost (amateur VSGl)
  1999 | D:3      | Killed pedritolo's ghost
  1999 | D:3      | Reached XP level 4. HP: 37/37 MP: 4/4
  1999 | D:3      | Gained mutation: You have razor-sharp toenails. [demonic ancestry]
  1999 | D:3      | Reached XP level 5. HP: 42/42 MP: 5/5
  2336 | D:3      | Reached skill level 1 in Stealth
  2978 | D:4      | Found a blossoming altar of Fedhas.
  3199 | D:4      | Noticed a hippogriff
  3211 | D:4      | Killed a hippogriff
  3211 | D:4      | Reached XP level 6. HP: 49/49 MP: 6/6
  3588 | D:4      | Found a sparkling altar of Nemelex Xobeh.
  3588 | D:4      | Found a bloodstained altar of Trog.
  3588 | D:4      | Found an oddly glowing altar of Pakellas.
  3588 | D:4      | Found an iron altar of Okawaru.
  3589 | D:4      | Found a white marble altar of Elyvilon.
  3590 | D:4      | Found a deep blue altar of Sif Muna.
  4054 | D:4      | Got a jewelled chain mail
  4071 | D:4      | Identified the +5 chain mail of the Morning Star {+Blink rF+ rC- Str+5} (You found it on level 4 of the Dungeon)
  4120 | D:4      | Gained mutation: You sometimes gain a little power by taking damage. [demonic ancestry]
  4120 | D:4      | Reached XP level 7. HP: 40/55 MP: 7/7
  4202 | D:5      | Entered Level 5 of the Dungeon
  4426 | D:5      | Found an opulent altar of Gozag.
  4508 | D:5      | Reached *** piety under Trog
  4820 | D:5      | Reached skill level 1 in Shields
  4829 | D:5      | Got an ichor-stained robe
  4979 | D:5      | Found a snail-covered altar of Cheibriados.
  5070 | D:6      | Found a shadowy altar of Dithmenos.
  5099 | D:6      | Reached skill level 5 in Fighting
  5215 | D:6      | Gained mutation: You sometimes gain power by taking damage. [demonic ancestry]
  5215 | D:6      | Reached XP level 8. HP: 52/62 MP: 8/8
  5318 | D:6      | Found a staircase to the Ecumenical Temple.
  5334 | D:6      | Reached skill level 5 in Maces & Flails
  5429 | D:6      | Found a radiant altar of Vehumet.
  5432 | D:6      | Found a shimmering altar of Xom.
  5455 | D:6      | Found a sacrificial altar of Ru.
  5918 | D:6      | Reached skill level 5 in Armour
  6063 | D:7      | Found a flagged portal.
  6173 | D:7      | Found Utzas's Jewellery Shoppe.
  6272 | Bailey   | Entered a bailey
  7026 | D:7      | Reached XP level 9. HP: 45/69 MP: 9/9
  7099 | D:7      | Reached skill level 5 in Dodging
  7631 | D:7      | Reached **** piety under Trog
  7819 | D:8      | Noticed a troll
  7828 | D:8      | Killed a troll
  8070 | D:8      | Found a shattered altar of Ashenzari.
  9220 | D:9      | Gained mutation: You regenerate health from kills. [demonic ancestry]
  9220 | D:9      | Reached XP level 10. HP: 72/77 MP: 10/10
  9717 | D:9      | Found Sihikaes's Armour Shop.
  9745 | D:9      | Bought a +2 pair of gloves for 214 gold pieces
  9745 | D:9      | Bought a +2 cloak for 214 gold pieces
 10251 | D:9      | Reached ***** piety under Trog
 10265 | D:9      | Reached skill level 5 in Shields
 10327 | D:10     | Entered Level 10 of the Dungeon
 10548 | D:10     | Noticed an unseen horror
 10573 | D:10     | Killed an unseen horror
 10623 | D:10     | Found a staircase to the Orcish Mines.
 10733 | Orc:1    | Entered Level 1 of the Orcish Mines
 10761 | Orc:1    | Reached XP level 11. HP: 69/86 MP: 11/11
 10818 | Orc:1    | You fall through a shaft!
 10818 | Orc:2    | Entered Level 2 of the Orcish Mines
 10818 | Orc:2    | Noticed an orc sorcerer
 10831 | Orc:2    | Paralysed by an orc sorcerer for 7 turns
 10840 | Orc:2    | Killed an orc sorcerer
 10849 | Orc:2    | Noticed Donald
 10885 | Orc:2    | Slain by Donald

Skill      XL: |  1  2  3  4  5  6  7  8  9 10 |
---------------+-------------------------------+-----
Armour         | 2 3 4 5 7 8 |  8.4
Dodging        | 2 3 4 5 6 |  6.1
Maces & Flails | 3 4 5 7 8 |  8.7
Fighting       | 4 5 6 7 |  7.9
Stealth        | 1 |  1.9
Shields        | 1 3 4 5 |  5.6
Evocations     | |  0.2

Action                   |  1- 3 |  4- 6 |  7- 9 | 10-12 || total
-------------------------+-------+-------+-------+-------++-------
Melee: Mace              |   107 |   134 |   116 |       ||   357
       Kick              |    16 |    43 |   188 |    81 ||   328
       Flail             |       |       |   331 |       ||   331
       Demon whip        |       |       |   116 |   246 ||   362
Invok: Berserk           |     3 |     2 |     6 |     1 ||    12
       Trog's Hand       |       |       |     1 |       ||     1
 Abil: Evoke Blink       |       |       |     1 |       ||     1
  Use: Scroll            |     1 |       |     7 |     4 ||    12
       Potion            |     1 |       |     2 |     2 ||     5
  Eat: Bread ration      |     1 |     1 |     2 |     1 ||     5
       Fruit             |     1 |       |       |       ||     1
       Meat ration       |       |     1 |     2 |       ||     3
       Pizza             |       |     1 |     1 |     1 ||     3
       Royal jelly       |       |       |     1 |       ||     1
       Beef jerky        |       |       |       |     1 ||     1
Armor: Animal skin       |    10 |       |       |       ||    10
       Leather armour    |    20 |     2 |       |       ||    22
       Ring mail         |       |    47 |       |       ||    47
       Chain mail        |       |     9 |   358 |   118 ||   485
Dodge: Dodged            |    89 |    88 |   338 |   158 ||   673
Block: Buckler           |       |     2 |   188 |    77 ||   267
